 Dungeon Crawl Stone Soup version 0.30-a0-263-ge22c4ad894 (webtiles) character file.

Game seed: 1169615186810326219

30 sscrono2 the Sneak (level 3, -3/26 HPs)
             Began as an Octopode Delver on Oct 13, 2022.
             Killed by divine providence
             ... invoked by an orc priest
              (14 damage)
             ... on level 5 of the Dungeon.
             The game lasted 00:00:24 (37 turns).

sscrono2 the Sneak (Octopode Delver)                  Turns: 37, Time: 00:00:24

Health: -3/26      AC:  1    Str: 13    XL:     3   Next: 20%
Magic:  3/3        EV: 13    Int: 12    God:
Gold:   9          SH:  0    Dex: 13    Spells: 2/2 levels left

rFire   . . .      SeeInvis .      - Unarmed
rCold   . . .      Faith    .    (no shield)
rNeg    . . .      Spirit   .    (helmet restricted)
rPois   .          Reflect  .    (no amulet)
rElec   .          Harm     .    (no ring)
rCorr   .          Rampage  .    (no ring)
Will    .....                    (no ring)
Stlth   ++++......               (no ring)
HPRegen 0.24/turn                (no ring)
MPRegen 0.08/turn                (no ring)
                                 (no ring)
                                 (no ring)

@: hasted, very quick
A: almost no armour, amphibious, 8 rings, camouflage 1, gelatinous body 1,
(nimble swimmer 1), tentacles
a: no special abilities


You were on level 5 of the Dungeon.
You visited 1 branch of the dungeon, and saw 1 of its levels.

You collected 9 gold pieces.

Inventory:

Wands
 e - a wand of digging (3)
Scrolls
 a - a scroll of fog
 c - a scroll of fear


   Skills:
 - Level 3.0 Fighting
 - Level 2.0 Dodging
 - Level 6.6 Stealth
 + Level 3.5 Unarmed Combat


You had 2 spell levels left.
You didn't know any spells.
Your spell library was empty.

Dungeon Overview and Level Annotations

Branches:
Dungeon (5/15)             Temple (0/1) D:5

Altars:

Annotations:
D:5 Sigmund


Innate Abilities, Weirdness & Mutations

You cannot wear most types of armour.
You are amphibious.
You can wear up to eight rings at the same time.
Your skin changes colour to match your surroundings (Stealth+).
Your rubbery body absorbs attacks. (AC +1, EV +1)
((You are camouflaged when in or above water. (Stealth+)))
You have tentacles for arms and can constrict up to eight enemies at once.


Message History

You tentacle-slap the orc priest but do no damage.
You squeeze the orc priest!
The orc priest is heavily wounded.
You constrict the orc priest, but do no damage.
The orc priest completely misses you.
You tentacle-slap the orc priest.
The orc priest is almost dead.
You constrict the orc priest, but do no damage.
The orc priest hits you with a +0 whip.
You tentacle-slap the orc priest.
You kill the orc priest!
Your Unarmed Combat skill increases to level 3!
You have reached level 2!
You have reached level 3!
Your experience leads to an increase in your attributes!
Increase (S)trength, (I)ntelligence, or (D)exterity?
You feel stronger. x2
Sigmund, an orc priest and an orc wizard come into view.
Sigmund screams, "Only death can liberate you!"
Things that are here:
a +0 whip; a +0 scale mail An orc comes into view.
It is wielding a +0 dagger.
You feel yourself speed up. Sigmund casts a spell at you.
The puff of flame hits you.
You closely miss the orc. You grab the orc. You squeeze the orc.
The orc is heavily wounded.
You constrict the orc.
Sigmund casts a spell.
Sigmund flickers and vanishes!
Deactivating autopickup; reactivate with Ctrl-A.
The orc barely misses you.
You bludgeon the orc!
You kill the orc!
Something hits you.
You see here a +0 dagger.
The orc priest invokes the aid of Beogh against you.
Beogh smites you!
Ouch! That really hurt!
You die...

,,*,,*,***,,* ##...,..,,#*,**,,,,
,,,**,,***,,* #...##.##.#.,,*,,,,
*,**,,,*#,,,* #...#...#..,,,,,,,,
,**,,,,*#.#####.........*,,,*,,,,
,***,>,,#.....#...#...#,##.**,,,,
,***,,,,,#.o{.....##.##....,,,,,,
,,*,,,*#....#.#............,,,,,,
*,,,,**##.o@#..).....####...,,,,,
**,,,,**##..#.##@..#........,,,,,
,**,,,,,,#..#####..#.#######*****
,**,,,,,,o#.,......#.#...########
,****,**#.o.,*#...(..............
,* *,**###.,##.8.....8..........
,* *,,,,,,,,....................
,* *********##.........#########
,* #...............,,, ,*
***#.....>.......##***


You could see an orc priest.

Vanquished Creatures
  An orc priest (D:5)
  An orc (D:5)
2 creatures vanquished.

Notes
Turn   | Place    | Note
-------+----------+-------------------------------------------
     0 | D:5      | sscrono2 the Octopode Delver began the quest for the Orb.
     0 | D:5      | Reached XP level 1. HP: 16/16 MP: 1/1
    21 | D:5      | Noticed an orc priest
    29 | D:5      | Killed an orc priest
    30 | D:5      | Reached XP level 2. HP: 16/21 MP: 2/2
    30 | D:5      | Reached XP level 3. HP: 20/26 MP: 3/3
    30 | D:5      | Noticed Sigmund
    37 | D:5      | Killed from afar by an orc priest

Illustrated notes

Levels and vault maps discovered:
D:5:      layout_basic, minmay_temple_entry_wispy,
          nicolae_ossuary_entry_monument, eino_tiny_chamber,
          hangedman_decor_clover_reticule, st_stairs_1, serial_bayou_crossing,
          uniq_sigmund

Skill      XL: |  1 |
---------------+----+-----
Unarmed Combat | 3 |  3.5
Fighting       | |  3.0
Dodging        | |  2.0
Stealth        | |  6.6

Action                   || total
-------------------------++-------
Melee: Unarmed           ||     6
       Constrict         ||     2
       Tentacles         ||     2
  Use: Scroll            ||     1
       Potion            ||     1
Dodge: Dodged            ||     3

Table legend: (Time is in decaauts)
 A = Elapsed time spent in this place.
 B = Non-inter-level travel time spent in this place.
 C = Inter-level travel time spent in this place.
 D = Time resting spent in this place.
 E = Time spent auto-exploring this place.
 F = Levels seen in this place.
 G = Mean time per level.
                   A        B        C        D        E       F      G
               +--------+--------+--------+--------+--------+-----+--------+
         Total |     35 |     35 |      0 |      0 |     20 |   1 |   35.0 |
       Dungeon |     35 |     35 |      0 |      0 |     20 |   1 |   35.0 |
               +--------+--------+--------+--------+--------+-----+--------+

Top non-repeatable levels by time:
     D:5: 35 daAuts
